 Dungeon Crawl Stone Soup version 0.17.1-1-g73c8601 (webtiles) character file.

9067 Peloso the Carver (level 11, 0/97 HPs)
             Began as a Minotaur Fighter on Dec 12, 2015.
             Was an Elder of Okawaru.
             Slain by a quicksilver dragon zombie (2 damage)
             ... on level 1 of the Abyss.
             The game lasted 00:31:45 (10420 turns).

Peloso the Carver (Minotaur Fighter)               Turns: 10420, Time: 00:31:45

Health: 0/97       AC: 21    Str: 23    XL:     11   Next: 18%
Magic:  10/10      EV: 10    Int: 11    God:    Okawaru [****..]
Gold:   368        SH:  9    Dex: 15    Spells: 0 memorised, 10 levels left

rFire  + . .     SeeInvis .     a - +1 long sword
rCold  . . .     Clarity  .     C - +1 plate armour
rNeg   + . .     SustAt   .     f - +2 buckler {AC+3}
rPois  .         Gourm    .     (helmet restricted)
rElec  .         Spirit   .     (no cloak)
rCorr  +         Warding  .     J - +0 pair of gloves
rMut   .         Stasis   .     A - +0 pair of boots
MR     .....                    T - amulet of resist corrosion
Stlth  ..........               O - ring of protection from fire
                                V - ring of Zizau {rN+ Int+6 Dex+4}

@: not resistant to hostile enchantments, extremely unstealthy
A: retaliatory headbutt, horns 2
a: Heroism, Renounce Religion


You were on level 1 of the Abyss.
You worshipped Okawaru.
Okawaru was greatly pleased with you.
You were not hungry.

You visited 2 branches of the dungeon, and saw 11 of its levels.
You visited the Abyss 1 time.

You collected 533 gold pieces.
You spent 165 gold pieces at shops.

Inventory:

Hand Weapons
 a - a +1 long sword (weapon)
 P - a +0 dagger of flaming
Armour
 c - a +0 shield
 f - a +2 buckler of protection (worn)
 A - a +0 pair of boots (worn)
 C - a +1 plate armour (worn)
 D - a +0 pair of gloves
 I - a +0 chain mail
 J - a +0 pair of gloves (worn)
Jewellery
 k - an uncursed ring of magical power
 p - an uncursed ring of magical power
 G - an uncursed amulet of resist mutation
 K - an uncursed ring of poison resistance
 O - a ring of protection from fire (right hand)
 T - an amulet of resist corrosion (around neck)
 V - the ring of Zizau (left hand) {rN+ Int+6 Dex+4}
   (You found it on level 10 of the Dungeon)

   [ring of positive energy]

   It affects your intelligence (+6).
   It affects your dexterity (+4).
   It protects you from negative energy.
Wands
 b - a wand of digging (17)
 L - a wand of confusion (10)
 Q - a wand of magic darts (26)
 R - a wand of lightning (6)
Scrolls
 g - a scroll of enchant weapon
 j - 4 scrolls of amnesia
 l - 4 scrolls of identify
 m - 3 scrolls of enchant armour
 o - 2 scrolls of teleportation
 q - 2 scrolls of remove curse
 v - 2 scrolls of fear {unknown}
 y - 2 scrolls of magic mapping {unknown}
 E - a scroll of noise {unknown}
 F - a scroll of random uselessness {unknown}
 H - a scroll of immolation {unknown}
Potions
 d - 2 potions of might
 h - 4 potions of agility
 i - 4 potions of haste
 s - 3 potions of magic
 t - 2 potions of heal wounds
 u - a potion of ambrosia {unknown}
 w - 4 potions of curing
 x - 3 potions of poison {unknown}
 B - a potion of lignification {unknown}
 S - 2 potions of brilliance {unknown}
Books
 r - a book of Spatial Translocations

   Spells                             Type                      Level
   a - Apportation                    Translocation                1
   b - Blink                          Translocation                2
   c - Shroud of Golubria             Charms/Translocation         2
   d - Portal Projectile              Translocation                3
   e - Teleport Other                 Translocation                3
   f - Passage of Golubria            Translocation                4
 M - a book of Fire

   Spells                             Type                      Level
   a - Ignite Poison                  Fire/Transmutation/Poison    3
   b - Fireball                       Conjuration/Fire             5
   c - Bolt of Fire                   Conjuration/Fire             6
   d - Delayed Fireball               Conjuration/Fire             7
   e - Ring of Flames                 Charms/Fire                  7
 N - a book of the Earth

   Spells                             Type                      Level
   a - Leda's Liquefaction            Hexes/Earth                  4
   b - Bolt of Magma                  Conjuration/Fire/Earth       5
   c - Statue Form                    Transmutation/Earth          6
   d - Iron Shot                      Conjuration/Earth            6
   e - Shatter                        Earth                        9
 U - a book of Beasts

   Spells                             Type                      Level
   a - Summon Butterflies             Summoning                    1
   b - Call Canine Familiar           Summoning                    3
   c - Summon Ice Beast               Ice/Summoning                4
   d - Summon Mana Viper              Hexes/Summoning              5
   e - Summon Hydra                   Summoning                    7
Comestibles
 e - 8 bread rations
 n - 6 beef jerkies
 z - 4 fruits


   Skills:
 + Level 9.5 Fighting
 + Level 10.9 Long Blades
 + Level 10.5 Armour
 + Level 5.6 Dodging
 + Level 1.1 Stealth
 + Level 10.8 Shields


You had 10 spell levels left.
You didn't know any spells.

Dungeon Overview and Level Annotations

Branches:
Dungeon (10/15)            Temple (1/1) D:7             Orc (0/4) D:9
   Lair: D:8-11

Altars:
Ashenzari
Cheibriados
Dithmenos
Elyvilon
Kikubaaqudgha
Nemelex Xobeh
Okawaru
Qazlal
Ru
Sif Muna
Vehumet
Yredelemnul
The Shining One

Shops:
D:8 (   D:10 *

Annotations:
D:6 Prince Ribbit
D:10 Sonja


Innate Abilities, Weirdness & Mutations

You reflexively headbutt those who attack you in melee.
You have a pair of horns on your head.


Message History

The quicksilver dragon zombie claws you but does no damage.
You hit the quicksilver dragon zombie.
The quicksilver dragon zombie bites you but does no damage.
The quicksilver dragon zombie claws you.
* * * LOW HITPOINT WARNING * * *
Unknown command.
You slash the quicksilver dragon zombie!
You headbutt the quicksilver dragon zombie!
The quicksilver dragon zombie closely misses you.
You block the quicksilver dragon zombie's attack.
The quicksilver dragon zombie bites you but does no damage.
The quicksilver dragon zombie claws you but does no damage.
You slash the quicksilver dragon zombie!
You headbutt the quicksilver dragon zombie, but do no damage.
The quicksilver dragon zombie bites you but does no damage.
The quicksilver dragon zombie claws you but does no damage.
Unknown command.
You closely miss the quicksilver dragon zombie.
The quicksilver dragon zombie bites you.
You die...

## ### #..#.. #
#..#.## ##....#..#
###.... #..## #
##..#...#.. .####
#.#.....# .X. #.#
###....##..###.. #.
.......@#....#.##.#
..#.#.#Z# #..# .##
. .......4X...# ##
## ...###...# ...
.. #.##.##### . ..
..# ..#. ### .. ...
.. .#


You could see a large abomination, a sixfirhy and a quicksilver dragon zombie.

Vanquished Creatures
  A tengu warrior (D:10)
  3 hill giants (D:10)
  A gargoyle (D:10)
  Grinder (D:3)
  Sigmund (D:6)
  4 wyverns
  A wraith (D:10)
  2 hungry ghosts
  A warg (D:9)
  Menkaure (D:5)
  A small abomination (Abyss:1)
  Edmund (D:5)
  Duvessa (D:5)
  2 orc warriors
  A water moccasin (D:7)
  A black bear (D:9)
  A necrophage (D:6)
  6 ogres
  5 phantoms
  3 ice beasts
  2 centaurs
  2 sky beasts
  A big kobold (D:8)
  A crocodile (D:10)
  Blork the orc (D:6)
  5 giant frogs
  A wyvern zombie (D:8)
  Dowan (D:5)
  6 killer bees
  A water moccasin skeleton (D:10)
  5 scorpions
  A centaur zombie (D:9)
  A wasp zombie (D:10)
  A quasit (D:8)
  7 crimson imps
  2 giant frog skeletons (D:6)
  8 orc priests
  4 hounds
  2 jellies
  A hell rat (D:5)
  7 orc wizards
  2 iguanas
  8 worker ants
  A killer bee zombie (D:9)
  2 hound zombies
  A worker ant zombie (D:10)
  6 adders
  6 river rats (D:5)
  3 gnolls (D:7)
  3 shadow imps
  2 adder skeletons
  4 worms
  2 giant geckos
  46 orcs
  3 ball pythons
  3 giant cockroaches
  9 goblins
  12 hobgoblins
  11 jackals
  13 kobolds
  6 quokkas
  6 bats
  4 giant newts
  A quokka skeleton (D:4)
  37 rats
289 creatures vanquished.

Vanquished Creatures (others)
  A quokka (D:5)
1 creature vanquished.

Grand Total: 290 creatures vanquished

Notes
Turn   | Place    | Note
--------------------------------------------------------------
     0 | D:1      | Peloso the Minotaur Fighter began the quest for the Orb.
     0 | D:1      | Reached XP level 1. HP: 19/19 MP: 0/0
    68 | D:1      | Reached XP level 2. HP: 9/27 MP: 1/1
    96 | D:1      | Found a snail-covered altar of Cheibriados.
   136 | D:1      | Reached skill level 4 in Shields
   645 | D:2      | Reached XP level 3. HP: 33/33 MP: 2/2
  1507 | D:3      | Found a sparkling altar of Nemelex Xobeh.
  1521 | D:3      | Reached skill level 1 in Dodging
  1547 | D:3      | Reached XP level 4. HP: 37/40 MP: 3/3
  1836 | D:3      | Noticed Grinder
  1855 | D:3      | Killed Grinder
  1855 | D:3      | Reached skill level 5 in Armour
  1855 | D:3      | Reached skill level 5 in Shields
  1855 | D:3      | Reached XP level 5. HP: 5/47 MP: 4/4
  1855 | D:3      | Reached XP level 6. HP: 5/55 MP: 5/5
  2195 | D:3      | Reached skill level 5 in Fighting
  2728 | D:4      | Reached XP level 7. HP: 46/61 MP: 6/6
  2992 | D:4      | Reached skill level 6 in Armour
  3074 | D:4      | Reached skill level 5 in Long Blades
  3428 | D:5      | Entered Level 5 of the Dungeon
  3448 | D:5      | Noticed Edmund
  3469 | D:5      | Killed Edmund
  3553 | D:5      | Reached XP level 8. HP: 36/69 MP: 7/7
  3928 | D:5      | Reached skill level 1 in Stealth
  3996 | D:5      | Noticed Menkaure
  4004 | D:5      | Killed Menkaure
  4333 | D:5      | Reached skill level 7 in Armour
  4501 | D:5      | Found a white marble altar of Elyvilon.
  4630 | D:5      | Noticed Duvessa
  4630 | D:5      | Noticed Dowan
  4669 | D:5      | Killed Duvessa
  4669 | D:5      | Reached skill level 5 in Dodging
  4713 | D:5      | Killed Dowan
  5368 | D:6      | Noticed Sigmund
  5377 | D:6      | Killed Sigmund
  5377 | D:6      | Reached XP level 9. HP: 76/78 MP: 8/8
  5428 | D:6      | Reached skill level 8 in Shields
  5516 | D:6      | Noticed Blork the orc
  5530 | D:6      | Killed Blork the orc
  5620 | D:6      | Noticed Prince Ribbit
  6029 | D:7      | Found a staircase to the Ecumenical Temple.
  6044 | Temple   | Entered the Ecumenical Temple
  6076 | Temple   | Became a worshipper of Warmaster Okawaru
  6903 | D:8      | Reached skill level 9 in Shields
  6960 | D:8      | Reached * piety under Okawaru
  7471 | D:8      | Reached XP level 10. HP: 78/88 MP: 9/9
  7753 | D:8      | Found Akhoen's Antique Weapon Emporium.
  7987 | D:9      | Identified a scroll of acquirement
  8042 | D:9      | Reached ** piety under Okawaru
  8157 | D:9      | Found a staircase to the Orcish Mines.
  8452 | D:9      | Reached skill level 10 in Shields
  8560 | D:10     | Entered Level 10 of the Dungeon
  8723 | D:10     | Noticed a hill giant
  8732 | D:10     | Killed a hill giant
  8732 | D:10     | Reached *** piety under Okawaru
  8832 | D:10     | Reached skill level 10 in Long Blades
  8832 | D:10     | Reached skill level 10 in Armour
  8867 | D:10     | Found Xeirocupu's Assorted Antiques.
  8875 | D:10     | Bought a dented silver amulet for 165 gold pieces
  9027 | D:10     | Got a twitching copper ring
  9029 | D:10     | Identified the ring of Zizau {rN+ Int+6 Dex+4} (You found it on level 10 of the Dungeon)
  9379 | D:10     | Noticed a hill giant
  9388 | D:10     | Killed a hill giant
  9415 | D:10     | Reached XP level 11. HP: 59/97 MP: 10/10
  9560 | D:10     | Noticed a hill giant
  9569 | D:10     | Killed a hill giant
  9569 | D:10     | Reached **** piety under Okawaru
  9570 | D:10     | Noticed an ettin
 10029 | D:10     | Noticed a tengu warrior
 10044 | D:10     | Killed a tengu warrior
 10269 | D:10     | Noticed Sonja
 10278 | D:10     | Cast into the Abyss (Sonja)
 10327 | Abyss:1  | Found a corrupted altar of Lugonu.
 10396 | Abyss:1  | Noticed a quicksilver dragon zombie
 10401 | Abyss:1  | Noticed a death drake
 10417 | Abyss:1  | HP: 1/97 [quicksilver dragon zombie (6)]
 10420 | Abyss:1  | Slain by a quicksilver dragon zombie

Action                   |  1- 3 |  4- 6 |  7- 9 | 10-12 || total
-------------------------+-------+-------+-------+-------++-------
Melee: Long sword        |   116 |    96 |   585 |   390 ||  1187
  Use: Potion            |       |       |     3 |     2 ||     5
       Scroll            |       |       |    10 |     3 ||    13
  Eat: Chunk             |     2 |     3 |    15 |    12 ||    32
       Pizza             |       |       |     1 |       ||     1
       Fruit             |       |       |       |     1 ||     1
       Bread ration      |       |       |       |     1 ||     1
